 Dungeon Sprint DCSS version 0.30-a0-672-gc3a7216ad8 (webtiles) character file.

Game seed: 5873410800209337596

8458 rocky1 the Prestidigitator (level 11, -9/92 HPs)
             Began as a Gnoll Wanderer on Jan 19, 2023.
             Was the Champion of Cheibriados.
             Killed from afar by a nagaraja (49 damage)
             ... with a poison arrow
             ... in the Dungeon (Sprint VII: "The Pits").
             The game lasted 00:09:04 (1763 turns).

rocky1 the Prestidigitator (Gnoll Wanderer)         Turns: 1763, Time: 00:09:05

Health: -9/92      AC: 20    Str: 22    XL:     11   Next: 31%
Magic:  20/25      EV: 18    Int: 29    God:    Cheibriados [******]
Gold:   0          SH:  0    Dex: 33    Spells: 24/31 levels left

rFire   + . .      SeeInvis .    b - +2 scimitar (holy)
rCold   . . .      Faith    .    (no shield)
rNeg    . . .      Spirit   .    r - +3 chain mail {rF+}
rPois   .          Reflect  .    w - +0 helmet
rElec   .          Harm     .    (no cloak)
rCorr   .          Rampage  .    x - +0 pair of gloves
Will    .....      NoTele   +    (no boots)
Stlth   +++                      (no amulet)
HPRegen 0.35/turn                s - +3 ring of evasion
MPRegen 0.19/turn                t - +3 ring of protection

@: lethally poisoned (-9 -> -52), constricted, very slow
A: fangs 1, strong nose, distributed training
a: Renounce Religion, Bend Time, Temporal Distortion, Slouch, Step From Time


You were in the Dungeon.
You worshipped Cheibriados.
Cheibriados was exalted by your worship.
You visited 1 branch

Inventory:

Hand Weapons
 a - a +2 long sword of flaming
 b - a +2 scimitar of holy wrath (weapon)
Missiles
 q - 8 poisoned darts
Armour
 r - a +3 chain mail of fire resistance (worn)
 w - a +0 helmet (worn)
 x - a +0 pair of gloves (worn)
Jewellery
 s - a +3 ring of evasion (left hand)
 t - a +3 ring of protection (right hand)
Wands
 k - a wand of polymorph (3)
Scrolls
 j - a scroll of blinking
 m - 5 scrolls of amnesia
 n - a scroll of summoning
Potions
 c - a potion of lignification
 f - 13 potions of heal wounds
 g - a potion of haste
 h - 4 potions of magic
 i - 4 potions of berserk rage
 l - 2 potions of invisibility
 u - a potion of resistance
 v - 2 potions of mutation


   Skills:
 + Level 10.5 Fighting
 + Level 10.5 Short Blades
 + Level 10.5 Long Blades
 + Level 10.5 Axes
 + Level 10.5 Maces & Flails
 + Level 10.5 Polearms
 + Level 10.8 Staves
 + Level 10.5 Ranged Weapons
 + Level 10.5 Throwing
 + Level 10.5 Armour
 + Level 10.5 Dodging
 + Level 11.3 Stealth
 + Level 10.5 Shields
 + Level 10.5 Unarmed Combat
 + Level 10.9 Spellcasting
 + Level 10.4 Conjurations
 + Level 8.8 Hexes
 + Level 8.8 Summonings
 + Level 8.8 Necromancy
 + Level 8.8 Translocations
 + Level 8.8 Transmutations
 + Level 8.8 Fire Magic
 + Level 8.8 Ice Magic
 + Level 8.8 Air Magic
 + Level 8.8 Earth Magic
 + Level 8.8 Poison Magic
 + Level 11.4 Invocations
 + Level 12.3 Evocations


You had 24 spell levels left.
You knew the following spells:

 Your Spells              Type           Power      Damage    Failure   Level
a - Kiss of Death         Conj/Necr      100%       2d13      1%          1
b - Hailstorm             Conj/Ice       64%        3d14      1%          3
c - Mephitic Cloud        Conj/Pois/Air  63%        N/A       1%          3

Your spell library contained the following spells:

 Spells                   Type           Power      Damage    Failure   Level


Dungeon Overview and Level Annotations

Branches:
Dungeon (1/1)

Altars:
Ashenzari
Cheibriados
Dithmenos
Elyvilon
Fedhas
Gozag
Hepliaklqana
Kikubaaqudgha
Makhleb
Nemelex Xobeh
Okawaru
Qazlal
Ru
Sif Muna
Trog
Uskayaw
Vehumet
Wu Jian
Xom
Yredelemnul
Zin
The Shining One
Jiyva
Lugonu


Innate Abilities, Weirdness & Mutations

You have very sharp teeth.
Your uncanny sense of smell can sniff out nearby items.
Your experience applies equally to all skills.


Message History

You see here a +0 short sword.
Things that are here:
a +0 spear; a +0 ring mail; a gnoll corpse
There is an open door here.
You start resting.
HP restored.
A nagaraja comes into view. It is wielding a +0 spear.
The nagaraja spits poison at you. The splash of poison hits you!
You are poisoned.
A human comes into view.
You feel very sick.
The human shouts!
The nagaraja spits poison at you. The splash of poison misses you.
You feel sick. The human completely misses you. The nagaraja barely misses you.
The nagaraja grabs you. The nagaraja constricts you.
The human hits you but does no damage.
The nagaraja gestures at you while chanting.
The poison arrow hits you!!
You are more poisoned.
The nagaraja constricts you.
You slice the nagaraja!!
The nagaraja is moderately wounded.
You feel very sick. The human hits you but does no damage.
Activating: Slouch (1% risk of failure)
Press: ? - help, Dir - look around, f - activate You can feel time thicken for a moment.
You feel very sick.
The nagaraja casts a spell.
The nagaraja seems to speed up.
The nagaraja constricts you. The human misses you.
You slash the nagaraja!
The nagaraja is heavily wounded.
You feel very sick. The nagaraja casts a spell at you.
The poison arrow hits you!!!
You are lethally poisoned!
Ouch! That really hurt!
You die...

#......# .......+
.......+ #......#
.......# ''###### ''#
######## ##### ..#
#.(....###...## ∆∆ ..#
#..#'#......@N.# ∆∆∆
††##..##)##.....#p..#∆∆
..##.##.).##...###..#∆
..####).)..##.## #.#
...##).))..#...# ..#
....'))....+.).+ .+
...##÷÷÷...#)).# .#
..####.....##.## .#
..##.##...##.))## ..#∆


You could see a nagaraja (fast) and a human.

Vanquished Creatures
  A great orb of eyes (D)
  A flayed ghost (D)
  A phantasmal warrior (D)
  A deep elf pyromancer (D)
  A cyclops (D)
  An elephant (D)
  A molten gargoyle (D)
  A smoke demon (D)
  An orange demon (D)
  A gargoyle (D)
  A kobold demonologist (D)
  A komodo dragon (D)
  A troll (D)
  5 dream sheep (D)
  A culicivora (D)
  6 yaks (D)
  A fire bat (D)
  3 redbacks (D)
  A warg (D)
  A water moccasin (D)
  2 floating eyes (D)
  A wolf (D)
  A centaur (D)
  2 small abominations (D)
  A phantom (D)
  3 kobold brigands (D)
  A bullfrog (D)
  2 gnoll sergeants (D)
  A necrophage (D)
  A jelly (D)
  Terence (D)
  An iguana (D)
  A mummy (D)
  5 gnolls (D)
  An adder zombie (D)
  A ball python (D)
  A bat (D)
  A goblin (D)
  4 kobolds (D)
  2 quokkas (D)
  A ball python skeleton (D)
  A rat (D)
66 creatures vanquished.

Notes
Turn   | Place    | Note
-------+----------+-------------------------------------------
     0 | D        | rocky1 the Gnoll Wanderer began the quest for the Orb.
     0 | D        | rocky1 set off with the following items: a +0 quarterstaff,
                  | a wand of polymorph (3), a potion of lignification, a +0
                  | robe, a potion of curing, a potion of heal wounds, a potion
                  | of haste, 2 potions of magic, a potion of berserk rage, a
                  | scroll of blinking; and the following spell memorised: Kiss
                  | of Death; and the following spells available to memorise:
                  | Hailstorm, Mephitic Cloud.
     0 | D        | Reached XP level 1. HP: 13/13 MP: 4/4
    11 | D        | Noticed a floating eye
    18 | D        | Killed a floating eye
    19 | D        | Reached skill level 5 in Stealth
    19 | D        | Reached skill level 7 in Evocations
    19 | D        | Reached XP level 2. HP: 24/24 MP: 5/7
    19 | D        | Reached XP level 3. HP: 29/29 MP: 5/8
    19 | D        | Reached XP level 4. HP: 35/35 MP: 6/10
    44 | D        | Found a bloodstained altar of Trog.
    44 | D        | Found a shimmering blue altar of Sif Muna.
    44 | D        | Found a viscous altar of Jiyva.
    44 | D        | Found a hazy altar of Hepliaklqana.
    44 | D        | Found an opulent altar of Gozag.
    45 | D        | Found a glowing golden altar of the Shining One.
    45 | D        | Found a glowing silver altar of Zin.
    45 | D        | Found a basalt altar of Yredelemnul.
    45 | D        | Found a shimmering altar of Xom.
    45 | D        | Found an ornate altar of the Wu Jian Council.
    45 | D        | Found a sacrificial altar of Ru.
    45 | D        | Found a stormy altar of Qazlal.
    45 | D        | Found an iron altar of Okawaru.
    45 | D        | Found a sparkling altar of Nemelex Xobeh.
    45 | D        | Found a burning altar of Makhleb.
    45 | D        | Found a blossoming altar of Fedhas.
    45 | D        | Found a white marble altar of Elyvilon.
    45 | D        | Found a shadowy altar of Dithmenos.
    45 | D        | Found a snail-covered altar of Cheibriados.
    48 | D        | Found a corrupted altar of Lugonu.
    48 | D        | Found a radiant altar of Vehumet.
    49 | D        | Found an ancient bone altar of Kikubaaqudgha.
    49 | D        | Found a hide-covered altar of Uskayaw.
    49 | D        | Found a broken altar of Ashenzari.
    56 | D        | Became a worshipper of Cheibriados the Contemplative
    70 | D        | Noticed a floating eye
    75 | D        | Paralysed by a floating eye for 3 turns
    80 | D        | Killed a floating eye
    81 | D        | Reached skill level 5 in Spellcasting
    81 | D        | Reached XP level 5. HP: 42/42 MP: 10/12
   203 | D        | Learned a level 3 spell: Hailstorm
   207 | D        | Learned a level 3 spell: Mephitic Cloud
   210 | D        | Reached * piety under Cheibriados
   249 | D        | Noticed a water moccasin
   252 | D        | Reached ** piety under Cheibriados
   257 | D        | Reached *** piety under Cheibriados
   269 | D        | Killed a water moccasin
   270 | D        | Reached skill level 5 in Staves
   270 | D        | Reached skill level 5 in Invocations
   270 | D        | Reached skill level 8 in Evocations
   270 | D        | Reached XP level 6. HP: 13/49 MP: 12/14
   588 | D        | Reached **** piety under Cheibriados
   589 | D        | Reached skill level 5 in Fighting
   589 | D        | Reached skill level 5 in Short Blades
   589 | D        | Reached skill level 5 in Long Blades
   589 | D        | Reached skill level 5 in Axes
   589 | D        | Reached skill level 5 in Maces & Flails
   589 | D        | Reached skill level 5 in Polearms
   589 | D        | Reached skill level 5 in Ranged Weapons
   589 | D        | Reached skill level 5 in Throwing
   589 | D        | Reached skill level 5 in Armour
   589 | D        | Reached skill level 5 in Dodging
   589 | D        | Reached skill level 5 in Shields
   589 | D        | Reached skill level 5 in Unarmed Combat
   592 | D        | Reached XP level 7. HP: 56/56 MP: 8/16
   595 | D        | Reached ***** piety under Cheibriados
   699 | D        | Noticed a komodo dragon
   706 | D        | Killed a komodo dragon
   707 | D        | Reached skill level 5 in Hexes
   707 | D        | Reached skill level 5 in Summonings
   707 | D        | Reached skill level 5 in Necromancy
   707 | D        | Reached skill level 5 in Translocations
   707 | D        | Reached skill level 5 in Transmutations
   707 | D        | Reached skill level 5 in Fire Magic
   707 | D        | Reached skill level 5 in Ice Magic
   707 | D        | Reached skill level 5 in Air Magic
   707 | D        | Reached skill level 5 in Earth Magic
   707 | D        | Reached skill level 5 in Poison Magic
   707 | D        | Reached skill level 9 in Evocations
   707 | D        | Reached XP level 8. HP: 56/65 MP: 15/18
   736 | D        | Noticed Terence
   750 | D        | Killed Terence
   996 | D        | Noticed a culicivora
   997 | D        | Killed a culicivora
   997 | D        | Reached ****** piety under Cheibriados
  1219 | D        | Noticed an elephant
  1227 | D        | Reached XP level 9. HP: 72/72 MP: 17/20
  1231 | D        | Killed an elephant
  1232 | D        | Reached skill level 10 in Evocations
  1347 | D        | Noticed a gargoyle
  1347 | D        | Noticed a kobold demonologist
  1347 | D        | Noticed a deep elf pyromancer
  1347 | D        | Noticed a troll
  1351 | D        | Killed a gargoyle
  1351 | D        | Killed a kobold demonologist
  1352 | D        | Reached skill level 11 in Evocations
  1352 | D        | Reached XP level 10. HP: 79/82 MP: 11/23
  1352 | D        | Killed a deep elf pyromancer
  1353 | D        | Reached skill level 10 in Stealth
  1354 | D        | Reached skill level 10 in Invocations
  1427 | D        | Noticed a molten gargoyle
  1428 | D        | Noticed a smoke demon
  1428 | D        | Noticed a phantasmal warrior
  1431 | D        | Killed a molten gargoyle
  1431 | D        | Killed a smoke demon
  1432 | D        | Reached skill level 10 in Staves
  1432 | D        | Reached skill level 10 in Spellcasting
  1435 | D        | Killed a phantasmal warrior
  1447 | D        | Reached skill level 10 in Conjurations
  1539 | D        | Noticed a flayed ghost
  1543 | D        | Noticed a great orb of eyes
  1549 | D        | Killed a flayed ghost
  1550 | D        | Reached skill level 10 in Fighting
  1550 | D        | Reached skill level 10 in Short Blades
  1550 | D        | Reached skill level 10 in Long Blades
  1550 | D        | Reached skill level 10 in Axes
  1550 | D        | Reached skill level 10 in Maces & Flails
  1550 | D        | Reached skill level 10 in Polearms
  1550 | D        | Reached skill level 10 in Ranged Weapons
  1550 | D        | Reached skill level 10 in Throwing
  1550 | D        | Reached skill level 10 in Armour
  1550 | D        | Reached skill level 10 in Dodging
  1550 | D        | Reached skill level 10 in Shields
  1550 | D        | Reached skill level 10 in Unarmed Combat
  1550 | D        | Reached skill level 12 in Evocations
  1550 | D        | Reached XP level 11. HP: 90/90 MP: 25/25
  1559 | D        | Paralysed by a great orb of eyes for 3 turns
  1574 | D        | Killed a great orb of eyes
  1666 | D        | Noticed a cyclops
  1674 | D        | Killed a cyclops
  1756 | D        | Noticed a nagaraja
  1763 | D        | Killed from afar by a nagaraja

Illustrated notes

Levels and vault maps discovered:
D:        pitsprint [storerooms_1, entrance_room_1, metal_vault_3, armoury_2,
          mini_pit_1, grid_room_1, main_hall_1, silver_pit, the_coven_1,
          the_vestibule_1, steel_vault_2, golden_pit, hallway_of_sentries,
          crystal_vault_1, iron_vault_4, final_vault]

Skill      XL: |  1  2  3  4  5  6  7  8  9 10 11 |
---------------+----------------------------------+-----
Fighting       | 3 4 5 6 7 8 10 | 10.5
Short Blades   | 3 4 5 6 7 8 10 | 10.5
Long Blades    | 3 4 5 6 7 8 10 | 10.5
Axes           | 3 4 5 6 7 8 10 | 10.5
Maces & Flails | 3 4 5 6 7 8 10 | 10.5
Polearms       | 3 4 5 6 7 8 10 | 10.5
Staves         | 4 5 6 7 9 10 | 10.8
Ranged Weapons | 3 4 5 6 7 8 10 | 10.5
Throwing       | 3 4 5 6 7 8 10 | 10.5
Armour         | 3 4 5 6 7 8 10 | 10.5
Dodging        | 3 4 5 6 7 8 10 | 10.5
Stealth        | 5 6 7 8 9 10 11 | 11.3
Shields        | 3 4 5 6 7 8 10 | 10.5
Unarmed Combat | 3 4 5 6 7 8 10 | 10.5
Spellcasting   | 4 5 6 7 9 10 | 10.9
Conjurations   | 6 7 8 9 10 | 10.4
Hexes          | 2 3 4 5 6 7 8 |  8.8
Summonings     | 2 3 4 5 6 7 8 |  8.8
Necromancy     | 2 3 4 5 6 7 8 |  8.8
Translocations | 2 3 4 5 6 7 8 |  8.8
Transmutations | 2 3 4 5 6 7 8 |  8.8
Fire Magic     | 2 3 4 5 6 7 8 |  8.8
Ice Magic      | 2 3 4 5 6 7 8 |  8.8
Air Magic      | 2 3 4 5 6 7 8 |  8.8
Earth Magic    | 2 3 4 5 6 7 8 |  8.8
Poison Magic   | 2 3 4 5 6 7 8 |  8.8
Invocations    | 3 4 5 7 8 9 11 | 11.4
Evocations     | 7 8 9 11 12 | 12.3

Action                   |  1- 3 |  4- 6 |  7- 9 | 10-12 || total
-------------------------+-------+-------+-------+-------++-------
Melee: Quarterstaff      |     5 |       |       |       ||     5
       Falchion          |       |    27 |     3 |       ||    30
       Bite              |       |     6 |     5 |     9 ||    20
       Punch             |       |     1 |     2 |     6 ||     9
       Long sword        |       |     7 |    36 |    14 ||    57
       Scimitar          |       |       |       |    42 ||    42
 Cast: Kiss of Death     |       |     1 |     4 |       ||     5
       Hailstorm         |       |     2 |       |       ||     2
       Mephitic Cloud    |       |       |     1 |       ||     1
Invok: Slouch            |       |       |     3 |     5 ||     8
  Use: Potion            |       |       |       |     1 ||     1
 Stab: Sleeping          |     1 |     3 |     2 |       ||     6
       Confused          |       |       |     1 |       ||     1
Armor: Robe              |       |     1 |       |       ||     1
       Scale mail        |       |     4 |     8 |       ||    12
       Chain mail        |       |       |     5 |    17 ||    22
Dodge: Dodged            |       |    24 |    46 |    49 ||   119

Table legend: (Time is in decaauts)
 A = Elapsed time spent in this place.
 B = Non-inter-level travel time spent in this place.
 C = Inter-level travel time spent in this place.
 D = Time resting spent in this place.
 E = Time spent auto-exploring this place.
 F = Levels seen in this place.
 G = Mean time per level.
                   A        B        C        D        E       F      G
               +--------+--------+--------+--------+--------+-----+--------+
         Total |   1989 |   1869 |    120 |   1200 |      0 |   1 | 1989.0 |
       Dungeon |   1989 |   1869 |    120 |   1200 |      0 |   1 | 1989.0 |
               +--------+--------+--------+--------+--------+-----+--------+

Top non-repeatable levels by time:
       D: 1989 daAuts
